 Dungeon Crawl Stone Soup version 0.23-a0-808-gd21de94 (webtiles) character file.

156 Lanoc the Shield-Bearer (level 5, -1/47 HPs)
             Began as a Gnoll Fighter on Jan 20, 2019.
             Killed by divine providence
             ... invoked by an orc priest
              (9 damage)
             ... on level 2 of the Dungeon.
             The game lasted 00:04:47 (904 turns).

Lanoc the Shield-Bearer (Gnoll Fighter)              Turns: 904, Time: 00:04:48

Health: -1/47      AC:  7    Str: 24    XL:     5   Next: 37%
Magic:  6/7        EV:  9    Int: 10    God:
Gold:   33         SH: 11    Dex: 15    Spells: 6/6 levels left

rFire    . . .     SeeInvis .   a - +0 long sword
rCold    . . .     Gourm    .   c - +0 shield
rNeg     . . .     Faith    .   b - +0 scale mail
rPois    .         Spirit   .   (no helmet)
rElec    .         Reflect  .   (no cloak)
rCorr    .         Harm     .   (no gloves)
MR       .....                  (no boots)
Stlth    ..........             (no amulet)
HPRegen  0.15/turn              (no ring)
MPRegen  0.10/turn              (no ring)

@: mighty
A: distributed training, fangs 1, strong nose
a: no special abilities


You were on level 2 of the Dungeon.
You were not hungry.

You visited 1 branch of the dungeon, and saw 2 of its levels.

You collected 33 gold pieces.

Inventory:

Hand Weapons
 a - a +0 long sword (weapon)
Missiles
 e - 44 arrows
Armour
 b - a +0 scale mail (worn)
 c - a +0 shield (worn)
Scrolls
 k - a scroll of remove curse {unknown}
 n - a scroll of random uselessness {unknown}
Potions
 g - a potion of curing {unknown}
 h - 2 potions of agility {unknown}
 i - a potion of resistance {unknown}
 j - a potion of ambrosia {unknown}
 l - a potion of magic {unknown}
Comestibles
 f - 2 rations
 m - a chunk of flesh


   Skills:
 + Level 6.7 Fighting
 + Level 1.4 Short Blades
 + Level 4.7 Long Blades
 + Level 1.4 Axes
 + Level 1.4 Maces & Flails
 + Level 1.4 Polearms
 + Level 1.4 Staves
 + Level 1.4 Slings
 + Level 1.4 Bows
 + Level 1.4 Crossbows
 + Level 1.4 Throwing
 + Level 6.7 Armour
 + Level 1.4 Dodging
 + Level 1.4 Stealth
 + Level 6.7 Shields
 + Level 1.4 Unarmed Combat
 + Level 1.4 Spellcasting
 + Level 1.1 Conjurations
 + Level 1.1 Hexes
 + Level 1.1 Charms
 + Level 1.1 Summonings
 + Level 1.1 Necromancy
 + Level 1.1 Translocations
 + Level 1.1 Transmutations
 + Level 1.1 Fire Magic
 + Level 1.1 Ice Magic
 + Level 1.1 Air Magic
 + Level 1.1 Earth Magic
 + Level 1.1 Poison Magic
 + Level 1.6 Invocations
 + Level 1.4 Evocations


You had 6 spell levels left.
You didn't know any spells.
Your spell library was empty.

Dungeon Overview and Level Annotations

Branches:
Dungeon (2/15)

Altars:
Okawaru


Innate Abilities, Weirdness & Mutations

Your experience applies equally to all skills.
You have very sharp teeth.
Your uncanny sense of smell can sniff out nearby items.


Message History

You kill the orc!
You slice the orc!!
You kill the orc!
The rat barely misses you.
You slash the rat!
You kill the rat!
The rat barely misses you.
You slash the rat!
You kill the rat!
The orc priest casts a cantrip, but nothing happens.
You closely miss the orc priest. You bite the orc priest!
The orc priest is severely wounded.
The orc priest calls down the wrath of Beogh upon you.
Beogh smites you!
* * * LOW HITPOINT WARNING * * *
You closely miss the orc priest. You bite the orc priest.
You kill the orc priest!
The orc priest calls down the wrath of Beogh upon you.
Beogh smites you!
You die...

#.#.#...# ...)....#
#.......# ........# ....(.+
....##### .# #......#..# ∆
# #o#......#
###'##@#.#.##.#######
#......#.#......≈g≈..
#........#......≈≈≈.8
#..................8_
#.......##....†.≈≈≈.8
#.......###.....≈g≈..
#####...# ##.######## #...#
#.#######
#....#######...####........


You could see an orc priest.

Vanquished Creatures
  An orc priest (D:2)
  An orc wizard (D:2)
  Terence (D:2)
  3 adders (D:2)
  2 dart slugs (D:1)
  A leopard gecko (D:2)
  2 orcs (D:2)
  2 giant cockroaches (D:1)
  2 goblins (D:1)
  3 hobgoblins
  2 jackals (D:1)
  7 kobolds (D:1)
  2 ball pythons
  7 bats
  3 frilled lizards
  6 rats
45 creatures vanquished.

Notes
Turn   | Place    | Note
-------+----------+-------------------------------------------
     0 | D:1      | Lanoc the Gnoll Fighter began the quest for the Orb.
     0 | D:1      | Reached XP level 1. HP: 23/23 MP: 1/1
    47 | D:1      | Reached XP level 2. HP: 27/29 MP: 2/2
   387 | D:1      | Reached XP level 3. HP: 35/35 MP: 3/3
   656 | D:2      | Noticed Terence
   664 | D:2      | Killed Terence
   664 | D:2      | Reached skill level 1 in Short Blades
   664 | D:2      | Reached skill level 1 in Axes
   664 | D:2      | Reached skill level 1 in Maces & Flails
   664 | D:2      | Reached skill level 1 in Polearms
   664 | D:2      | Reached skill level 1 in Staves
   664 | D:2      | Reached skill level 1 in Slings
   664 | D:2      | Reached skill level 1 in Bows
   664 | D:2      | Reached skill level 1 in Crossbows
   664 | D:2      | Reached skill level 1 in Throwing
   664 | D:2      | Reached skill level 1 in Dodging
   664 | D:2      | Reached skill level 1 in Stealth
   664 | D:2      | Reached skill level 1 in Unarmed Combat
   664 | D:2      | Reached skill level 1 in Spellcasting
   664 | D:2      | Reached skill level 1 in Invocations
   664 | D:2      | Reached skill level 1 in Evocations
   664 | D:2      | Reached XP level 4. HP: 38/41 MP: 3/5
   877 | D:2      | Found an iron altar of Okawaru.
   893 | D:2      | Reached skill level 1 in Conjurations
   893 | D:2      | Reached skill level 1 in Hexes
   893 | D:2      | Reached skill level 1 in Charms
   893 | D:2      | Reached skill level 1 in Summonings
   893 | D:2      | Reached skill level 1 in Necromancy
   893 | D:2      | Reached skill level 1 in Translocations
   893 | D:2      | Reached skill level 1 in Transmutations
   893 | D:2      | Reached skill level 1 in Fire Magic
   893 | D:2      | Reached skill level 1 in Ice Magic
   893 | D:2      | Reached skill level 1 in Air Magic
   893 | D:2      | Reached skill level 1 in Earth Magic
   893 | D:2      | Reached skill level 1 in Poison Magic
   898 | D:2      | Reached XP level 5. HP: 18/47 MP: 6/6
   904 | D:2      | Killed from afar by an orc priest

Vault maps used:
D:1:      giann_forest_graveyard
D:2:      kennysheep_okawaru_gauntlet, first_ration, serial_glass,
          glass_columns_b, glass_columns_c, minmay_crystal_room, uniq_terence

Skill      XL: |  1  2  3  4 |
---------------+-------------+-----
Short Blades   | 1 |  1.4
Axes           | 1 |  1.4
Maces & Flails | 1 |  1.4
Polearms       | 1 |  1.4
Staves         | 1 |  1.4
Slings         | 1 |  1.4
Bows           | 1 |  1.4
Crossbows      | 1 |  1.4
Throwing       | 1 |  1.4
Dodging        | 1 |  1.4
Stealth        | 1 |  1.4
Unarmed Combat | 1 |  1.4
Spellcasting   | 1 |  1.4
Invocations    | 1 |  1.6
Evocations     | 1 |  1.4
Conjurations   | 1 |  1.1
Hexes          | 1 |  1.1
Charms         | 1 |  1.1
Summonings     | 1 |  1.1
Necromancy     | 1 |  1.1
Translocations | 1 |  1.1
Transmutations | 1 |  1.1
Fire Magic     | 1 |  1.1
Ice Magic      | 1 |  1.1
Air Magic      | 1 |  1.1
Earth Magic    | 1 |  1.1
Poison Magic   | 1 |  1.1
Fighting       | |  6.7
Long Blades    | |  4.7
Armour         | |  6.7
Shields        | |  6.7

Action                   |  1- 3 |  4- 6 || total
-------------------------+-------+-------++-------
Melee: Long sword        |    69 |    35 ||   104
       Bite              |    11 |     4 ||    15
  Use: Potion            |       |     1 ||     1
Armor: Scale mail        |    28 |    10 ||    38
Dodge: Dodged            |    20 |    11 ||    31
Block: Shield            |    52 |    10 ||    62
       Rpst.: Long sword |     9 |     3 ||    12

Table legend:
 A = Non-vault XP
 B = Vault XP
 C = Vault XP percentage of total XP
 D = Non-vault monster count
 E = Vault monster count
 F = Vault count percentage of total count
                 A         B        C        D         E       F
            +---------+---------+-------+---------+---------+-------
      Total |     185 |      38 |  17.0 |      44 |       1 |   2.2
            +---------+---------+-------+---------+---------+-------
        D:1 |      44 |       0 |   0.0 |      27 |       0 |   0.0
        D:2 |     141 |      38 |  21.2 |      17 |       1 |   5.6
            +---------+---------+-------+---------+---------+-------
